 Dungeon Crawl Stone Soup version 0.28.0 (webtiles) character file.

Game seed: 11781100876294732957

62 Ayyar the Shield-Bearer (level 4, -2/37 HPs)
             Began as a Formicid Fighter on Apr 7, 2022.
             Engulfed by a cloud of flame (16 damage)
             ... on level 3 of the Dungeon.
             The game lasted 00:06:53 (2332 turns).

Ayyar the Shield-Bearer (Formicid Fighter)          Turns: 2332, Time: 00:06:53

Health: -2/37      AC:  8    Str: 28    XL:     4   Next: 28%
Magic:  4/4        EV:  9    Int:  8    God:
Gold:   108        SH:  4    Dex: 10    Spells: 3/3 levels left

rFire   . . .      SeeInvis +   a - +0 trident
rCold   . . .      Faith    .   c - +0 buckler
rNeg    . . .      Spirit   .   b - +0 scale mail
rPois   .          Reflect  .   (helmet unavailable)
rElec   .          Harm     .   (no cloak)
rCorr   .          Rampage  .   e - +0 pair of gloves
Will    .....                   (no boots)
Stlth   ..........              (no amulet)
HPRegen 0.12/turn               o - +6 ring of strength
MPRegen 0.09/turn               (no ring)

@: no status effects
A: permanent stasis, dig shafts and tunnels, antennae 3, four strong arms
a: Dig, Shaft Self


You were on level 3 of the Dungeon.
You visited 1 branch of the dungeon, and saw 3 of its levels.

You collected 108 gold pieces.

Inventory:

Hand Weapons
 a - a +0 trident (weapon)
Missiles
 q - 5 poisoned darts
Armour
 b - a +0 scale mail (worn)
 c - a +0 buckler (worn)
 e - a +0 pair of gloves (worn)
Jewellery
 o - a +6 ring of strength (left hand)
Scrolls
 f - a scroll of enchant armour {unknown}
 g - a scroll of teleportation {unknown}
 h - 2 scrolls of magic mapping {unknown}
 n - 3 scrolls of immolation {unknown}
 p - 2 scrolls of identify {unknown}
Potions
 d - 2 potions of might
 i - a potion of mutation {unknown}
 j - a potion of curing {unknown}
 k - 2 potions of brilliance {unknown}
 l - a potion of flight {unknown}
 m - a potion of heal wounds {unknown}


   Skills:
 + Level 3.8 Fighting
 * Level 2.9 Polearms
 + Level 0.0 Throwing
 + Level 3.8 Armour
 + Level 4.2 Shields


You had 3 spell levels left.
You didn't know any spells.
Your spell library contained the following spells:

 Spells                   Type           Power      Damage    Failure   Level
 Animate Skeleton         Necr           0%         N/A       75%         1
 Pain                     Necr           0%         1d4       75%         1
 Frozen Ramparts          Ice            0%         1d2       98%         3
 Vampiric Draining        Necr           0%         2d6       98%         3
 Ice Form                 Ice/Tmut       0%         N/A       100%        4
 Summon Ice Beast         Ice/Summ       0%         N/A       100%        4


Dungeon Overview and Level Annotations

Branches:
Dungeon (3/15)

Altars:
Elyvilon


Innate Abilities, Weirdness & Mutations

You cannot be hasted, slowed, berserked, paralysed or teleported.
You can dig through walls and to a lower floor.
You have a pair of large antennae on your head. (SInv)
Your four strong arms can wield two-handed weapons with a shield.


Message History

A goblin comes into view. It is wielding a +0 dagger.
Found 15 gold pieces.
The goblin shouts!
You reach to attack!
You puncture the goblin!
You kill the goblin!
A rat comes into view.
A rat is nearby!
Found 5 poisoned darts.
You closely miss the rat. The rat bites you but does no damage.
You barely miss the rat.
The rat bites you but does no damage. x2
You puncture the rat!
You kill the rat!
No target in view!
Things that are here:
a +0 dagger; a goblin corpse
Found 15 stones.
You now have 95 gold pieces (gained 15).
Found 19 arrows.
Found a stone staircase leading up.
You see here 5 poisoned darts.
q - 5 poisoned darts You now have 108 gold pieces (gained 13).
Found a runed orb.
You see here an orb of energy.
Non-targeted abil: Dig
Press: ? - help, Q - select action, (/) - cycle Dir - look around, f - activate
Okay, then.
r - an orb of energy You drop an orb of energy.
You see here a rat skeleton.
You sense a monster nearby.
A frilled lizard comes into view.
The frilled lizard hisses angrily.
The frilled lizard is engulfed in blazing flames.
The frilled lizard dies!
Really walk into a travel-excluded area?
You are engulfed in blazing flames.
Ouch! That really hurt!
You are engulfed in blazing flames.
You die...

########.# #§°§# #........
#.# #§§.# ####........
#.#####...#####...........
#..§§§.....§§§..###.......
#..§°§.?=..§☼°..# ##.....#
##.☼.§.$!?.☼☼○..# #######
#####...#####.# #.§§# #.#
#☼°@# #.# #☼§§# #.#
#...#####.# ##........#
##########


There were no monsters in sight!

Vanquished Creatures
  An adder (D:3)
  2 dart slugs (D:3)
  2 ball pythons
  2 endoplasms
  4 giant cockroaches
  5 goblins
  5 hobgoblins
  6 jackals (D:3)
  5 kobolds (D:1)
  2 quokkas
  3 bats
  A frilled lizard (D:1)
  5 rats
43 creatures vanquished.

Vanquished Creatures (others)
  An endoplasm (D:3)
  A frilled lizard (D:3)
  4 plants (D:3)
6 creatures vanquished.

Grand Total: 49 creatures vanquished

Notes
Turn   | Place    | Note
-------+----------+-------------------------------------------
     0 | D:1      | Ayyar the Formicid Fighter began the quest for the Orb.
     0 | D:1      | Reached XP level 1. HP: 18/18 MP: 1/1
   116 | D:1      | Reached XP level 2. HP: 24/24 MP: 2/2
   823 | D:1      | Reached skill level 4 in Shields
   825 | D:1      | Reached XP level 3. HP: 25/29 MP: 3/3
  1434 | D:2      | Found a white marble altar of Elyvilon.
  1941 | D:3      | Reached XP level 4. HP: 37/37 MP: 4/4
  1941 | D:3      | Found a faded altar of an unknown god.
  2332 | D:3      | Engulfed by a cloud of flame

Illustrated notes

Levels and vault maps discovered:
D:1:      kennysheep_arrival_seaside, layout_basic, st_stairs_5, fountainhead
D:2:      layout_loops_ring, basic_altar, chequers_avenue
D:3:      layout_rooms, shapermc_ecumenical_altar_mp_ritualfount,
          lemuel_flame_loot_1

Skill      XL: |  1  2 |
---------------+-------+-----
Shields        | 4 |  4.2
Fighting       | |  3.8
Polearms       | |  2.9
Armour         | |  3.8

Action                   |  1- 3 |  4- 6 || total
-------------------------+-------+-------++-------
Melee: Trident           |   121 |    16 ||   137
Armor: Scale mail        |    48 |     7 ||    55
Dodge: Dodged            |    55 |     4 ||    59
Block: Buckler           |    30 |     4 ||    34
